 Dungeon Crawl Stone Soup version 0.17-a0-1-g1f4be75 (webtiles) character file.

6074 Malachi the Carver (level 10, -3/80 HPs)
             Began as a Vampire Berserker on Mar 10, 2015.
             Was a High Priest of Trog.
             Slain by a slime creature (13 damage)
             ... on level 8 of the Dungeon.
             The game lasted 00:19:56 (7731 turns).

Malachi the Carver (Vampire Berserker)              Turns: 7731, Time: 00:19:57

Health: -3/80      AC: 20    Str: 16    XL:     10   Next: 57%
Magic:  3/3        EV: 10    Int:  9    God:    Trog [*****.]
Gold:   655        SH:  0    Dex: 16    Spells: 0 memorised, 9 levels left

rFire  + . .     SeeInvis +     M - +4 triple sword (antimagic) (curse)
rCold  . . .     Clarity  .     n - +3 chain mail {rF+}
rNeg   . . .     SustAb   .     (no shield)
rPois  .         Gourm    .     s - +0 helmet
rElec  .         Spirit   .     (no cloak)
rCorr  .         Warding  .     w - +2 pair of gloves
rMut   .         Stasis   .     v - +1 pair of boots
MR     +....                    c - amulet of regeneration
Stlth  ..........               (no ring)
                                p - ring of see invisible

@: exhausted, regenerating quickly, somewhat resistant to hostile enchantments,
extremely unstealthy
A: bottle blood, fangs 3, see invisible, unbreathing
a: Burn Spellbooks, Berserk, Trog's Hand, Brothers in Arms, Renounce Religion


You were on level 8 of the Dungeon.
You worshipped Trog.
Trog was extremely pleased with you.
You were full.

You visited 1 branch of the dungeon, and saw 8 of its levels.
You also visited: Ossuary.

You collected 655 gold pieces.

Inventory:

Hand weapons
 a - a +1 falchion
 g - a cursed +2 dagger of venom
 l - a cursed +0 blowgun
 K - a +2 hand axe of chopping
 M - a cursed +4 antimagic triple sword (weapon)
Missiles
 m - 8 poisoned needles
 I - 8 tomahawks of dispersal (quivered)
Armour
 n - a +3 chain mail of fire resistance (worn)
 s - a +0 helmet (worn)
 v - a +1 pair of boots (worn)
 w - a +2 pair of gloves (worn)
 H - a +0 crystal plate armour
Jewellery
 c - an amulet of regeneration (around neck)
 e - a cursed ring of fire
 p - a ring of see invisible (left hand)
 F - a cursed -2 ring of slaying
Magical devices
 N - a wand of teleportation (1)
Scrolls
 b - 2 scrolls of enchant armour
 h - 6 scrolls of teleportation
 j - 5 scrolls of identify
 t - 2 scrolls of blinking
 x - a scroll of recharging
 E - a scroll of fear
 G - 3 scrolls of remove curse
Potions
 d - 6 potions of brilliance {unknown}
 f - 2 potions of curing {unknown}
 i - a potion of might {unknown}
 k - 4 potions of cancellation {unknown}
 o - a potion of berserk rage {unknown}
 q - a potion of cure mutation {unknown}
 r - 2 potions of lignification {unknown}
 u - 3 potions of poison {unknown}
 z - 2 potions of agility {unknown}
 A - a potion of beneficial mutation {unknown}
 B - 2 potions of invisibility {unknown}
 C - 2 potions of haste
 D - a potion of flight {unknown}
 J - 2 potions of blood
 L - a potion of mutation {unknown}
Books
 y - a book of Party Tricks

   Spells                             Type                      Level
   a - Summon Butterflies             Summoning                    1
   b - Apportation                    Translocation                1
   c - Tukima's Dance                 Hexes                        3
   d - Alistair's Intoxication        Transmutation/Poison         4
   e - Invisibility                   Hexes                        6
   Trog disapproves of the use of such an item.


   Skills:
 + Level 7.9 Fighting
 + Level 10.1 Long Blades
 + Level 6.7 Armour
 + Level 7.0 Dodging
 + Level 1.6 Stealth


You had 9 spell levels left.
You didn't know any spells.

Dungeon Overview and Level Annotations

Branches:
Dungeon (8/15)             Temple (0/1) D:5            Lair (0/8) D:8

Altars:
Dithmenos
Kikubaaqudgha
Okawaru

Shops:
D:6 =


Innate Abilities, Weirdness & Mutations

Your natural rate of healing is unusually fast.
You can bottle blood from corpses.
You have razor-sharp teeth.
You have supernaturally acute eyesight.
You can survive without breathing.


Message History

A large slime creature splits.
There is a stone staircase leading up here.
You slice the slime creature!! You bite the slime creature.
The slime creature is heavily wounded.
The slime creature hits you!
* * * LOW HITPOINT WARNING * * *
The slime creature barely misses you.
You slice the slime creature!!
You kill the slime creature!
Trog accepts your kill. The slime creature hits you.
* * * LOW HITPOINT WARNING * * *
Your magical contamination has completely faded away.
The slime creature hits you but does no damage.
The slime creature quivers.
The slime creature quivers.
Two slime creatures merge to form a large slime creature.
A large slime creature splits.
The slime creature hits you!
You die...

PP.PPPP.P...###########
.PP....P.P.(##...J....#
>PPP.P..........#####.########
P...P.P.....##.....##........#
PP.P.PP..P......)...#..#####.#
P.PP........##.........### #.#
P.PP..............†......# #.#
P...P............JJ....#.###.#
PP.P.P..##...#..@J..........<#
........###.####...#####.#####
.P......# #.# ##### ###.#####
###.##### #.# #.......# ###.#
##'## #.#.###.# ....# ##...##
#.#.# #.# ##### ##.....##
##.#.###.# #.## ##.......##
##..#..##.#
...####.........####......##.#


You could see 3 slime creatures.

Vanquished Creatures
  Gastronok (D:8)
  Psyche (D:8)
  2 slime creatures (D:8)
  2 yaks (D:8)
  Eustachio (D:8)
  Edmund (D:6)
  2 sky beasts
  4 orc warriors
  5 ogres
  3 centaurs
  An ice beast (D:8)
  A black bear (D:8)
  A phantom (D:3)
  Sigmund (D:5)
  3 giant frogs
  A scorpion (D:8)
  3 killer bees (D:8)
  2 jellies
  4 crimson imps
  4 hounds
  8 orc priests
  A centaur skeleton (D:5)
  3 iguanas
  2 gnoll shamans
  8 worker ants
  Natasha (twice) (D:3)
  10 orc wizards
  10 mummies
  A worker ant zombie (D:5)
  Robin (D:3)
  2 river rats (D:8)
  17 gnolls
  10 adders
  3 shadow imps
  2 giant mites
  3 worms
  A giant gecko (D:7)
  An ooze (D:4)
  50 orcs
  2 ball pythons (D:3)
  13 bats
  A bat zombie (D:7)
  9 giant cockroaches
  2 gnoll zombies (Ossuary)
  19 hobgoblins
  19 jackals
  2 quokkas
  A giant gecko skeleton (D:5)
  4 giant newts
  18 goblins
  2 goblin zombies (D:5)
  2 hobgoblin zombies (Ossuary)
  A jackal zombie (D:5)
  15 kobolds
  2 kobold zombies (Ossuary)
  2 orc zombies (Ossuary)
  A quokka zombie (D:6)
  11 rats
304 creatures vanquished.

Vanquished Creatures (others)
  8 fungi (D:8)
  6 plants (D:8)
14 creatures vanquished.

Grand Total: 318 creatures vanquished

Notes
Turn   | Place    | Note
--------------------------------------------------------------
     0 | D:1      | Malachi, the Vampire Berserker, began the quest for the Orb.
     0 | D:1      | Reached XP level 1. HP: 17/17 MP: 1/1
    81 | D:1      | Reached XP level 2. HP: 14/24 MP: 2/2
   482 | D:1      | Reached XP level 3. HP: 27/29 MP: 3/3
   644 | D:2      | Acquired Trog's second power
   840 | D:2      | Found an iron altar of Okawaru.
   982 | D:2      | Reached XP level 4. HP: 14/35 MP: 4/4
  1772 | D:3      | Noticed a phantom
  1783 | D:3      | Killed a phantom
  1783 | D:3      | Reached skill level 4 in Long Blades
  1783 | D:3      | Reached skill level 1 in Stealth
  1783 | D:3      | Reached XP level 5. HP: 42/42 MP: 5/5
  1808 | D:3      | Found a shadowy altar of Dithmenos.
  1839 | D:3      | HP: 3/63 [gnoll/spear (7)]
  2000 | D:3      | Noticed Robin
  2012 | D:3      | Killed Robin
  2099 | D:3      | Noticed Natasha
  2105 | D:3      | Killed Natasha
  2105 | D:3      | Reached XP level 6. HP: 48/48 MP: 6/6
  2237 | D:3      | Noticed Natasha
  2248 | D:3      | Killed Natasha
  2646 | D:4      | Reached XP level 7. HP: 36/54 MP: 7/7
  2797 | D:4      | Reached skill level 5 in Long Blades
  2868 | D:4      | Acquired Trog's third power
  3720 | D:5      | Entered Level 5 of the Dungeon
  3739 | D:5      | Found an ancient bone altar of Kikubaaqudgha.
  3835 | D:5      | Reached skill level 5 in Dodging
  3920 | D:5      | Noticed Sigmund
  3929 | D:5      | Killed Sigmund
  3929 | D:5      | Reached XP level 8. HP: 61/61 MP: 8/8
  3957 | D:5      | Found a sand-covered staircase.
  3968 | Ossuary  | Entered an ossuary
  4101 | Ossuary  | Reached skill level 6 in Long Blades
  4710 | D:5      | Reached skill level 5 in Fighting
  4781 | D:5      | Found a staircase to the Ecumenical Temple.
  4855 | D:6      | Reached skill level 5 in Armour
  4968 | D:6      | Noticed Edmund
  4984 | D:6      | Killed Edmund
  5055 | D:6      | Received a gift from Trog
  5066 | D:6      | Reached skill level 7 in Long Blades
  5132 | D:6      | Reached XP level 9. HP: 59/69 MP: 9/9
  5532 | D:6      | Found an iron altar of Okawaru.
  5545 | D:6      | Found Bychyq's Jewellery Emporium.
  5690 | D:6      | Received a gift from Trog
  6195 | D:7      | Reached skill level 8 in Long Blades
  6843 | D:8      | Found a staircase to the Lair.
  6936 | D:8      | Noticed Gastronok
  6960 | D:8      | Killed Gastronok
  6960 | D:8      | Reached skill level 9 in Long Blades
  6960 | D:8      | Reached XP level 10. HP: 76/79 MP: 10/10
  7081 | D:8      | Received a gift from Trog
  7133 | D:8      | Noticed Psyche
  7138 | D:8      | Killed Psyche
  7233 | D:8      | Noticed Eustachio
  7263 | D:8      | Killed Eustachio
  7677 | D:8      | Reached skill level 10 in Long Blades
  7718 | D:8      | HP: 3/80 [slime creature (15)]
  7719 | D:8      | HP: 1/80 [slime creature (3)]
  7731 | D:8      | Slain by a slime creature

Action                   |  1- 3 |  4- 6 |  7- 9 | 10-12 || total
-------------------------+-------+-------+-------+-------++-------
Melee: Falchion          |   103 |   216 |   485 |    18 ||   822
       Long sword        |       |       |   310 |       ||   310
       Triple sword      |       |       |       |    63 ||    63
Invok: Berserk           |     1 |     7 |    12 |     1 ||    21
  Use: Scroll            |       |       |    10 |     6 ||    16
       Potion            |       |       |     2 |       ||     2
 Stab: Sleeping          |     2 |       |       |       ||     2
  Eat: Corpse            |    13 |    18 |    38 |     5 ||    74
